XFBL
BALTIMORE ORIOLES @ SEATTLE MARINERS
03/31/1982
 
TOP OF THE 1ST
Baltimore Orioles batting - Pitching for Seattle Mariners : LHP Randy Jones
Pitching: LHP Randy Jones
Batting: SHB Willie McGee 0-0: Ball
1-0: Called Strike
1-1: Called Strike
1-2: Ball
2-2: Ground out 4-3 (Groundball, 4, EV 103.8 MPH)
Batting: SHB Johnny Ray 0-0: Ground out 6-3 (Groundball, 6, EV 105.0 MPH)
Batting: SHB Steve R Ontiveros 0-0: Called Strike
0-1: Foul Ball, location: 2F
0-2: Foul Ball, location: 2F
0-2: Ball
1-2: Ball
2-2: Ball
3-2: Foul Ball, location: 2F
3-2: Ground out 4-3 (Groundball, 34, EV 94.4 MPH)
Top of the 1st over - 0 runs, 0 hits, 0 errors, 0 left on base; Baltimore 0 - Seattle 0
BOTTOM OF THE 1ST
Seattle Mariners batting - Pitching for Baltimore Orioles : RHP John Montague
Pitching: RHP John Montague
Batting: LHB Jose Perales 0-0: Called Strike
0-1: Ball
1-1: Ground out 5-3 (Groundball, 5L, EV 83.8 MPH)
Batting: LHB Don Mattingly 0-0: Foul Ball, location: 2F
0-1: Swinging Strike
0-2: Ball
1-2: Ball
2-2: Foul Ball, location: 2F
2-2: Ball
3-2: Base on Balls
Batting: RHB Robin Yount 0-0: Ball
1-0: Called Strike
1-1: Ball
2-1: Grounds into double play, 5-4-3 (Groundball, 56, EV 83.8 MPH)
Bottom of the 1st over - 0 runs, 0 hits, 0 errors, 0 left on base; Baltimore 0 - Seattle 0
TOP OF THE 2ND
Baltimore Orioles batting - Pitching for Seattle Mariners : LHP Randy Jones
Batting: RHB Dwight Evans 0-0: Ball
1-0: TRIPLE (Line Drive, 78XD, EV 105.6 MPH)
Batting: RHB Ron Cey 0-0: Called Strike
0-1: Foul Ball, location: 2F
0-2: Strikes out swinging
Batting: RHB Matt Rice 0-0: Ball
1-0: Ball
Wild Pitch!
Dwight Evans scores
2-0: Called Strike
2-1: DOUBLE (Groundball, 5L, EV 105.6 MPH)
Batting: RHB Mark Brouhard 0-0: Swinging Strike
0-1: Foul Ball, location: 2F
0-2: Foul Ball, location: 2F
0-2: SINGLE (Line Drive, 4MD, EV 93.8 MPH)
Matt Rice to third
Runner from 3rd tries for Home, SAFE, throw by CF to home
Batting: RHB Garth Iorg 0-0: Ball
Mark Brouhard is caught stealing 2nd base 2-4
1-0: Ball
2-0: Ball
3-0: Called Strike
3-1: Ground out 5-3 (Groundball, 5L, EV 84.4 MPH)
Top of the 2nd over - 2 runs, 3 hits, 0 errors, 0 left on base; Baltimore 2 - Seattle 0
BOTTOM OF THE 2ND
Seattle Mariners batting - Pitching for Baltimore Orioles : RHP John Montague
Batting: LHB Mike Stenhouse 0-0: Swinging Strike
0-1: Ball
1-1: Foul Ball, location: 2F
1-2: Ball
2-2: Foul Ball, location: 2F
2-2: Ball
3-2: Fly out, F2 (Popup, 15S, EV 88.1 MPH)
Batting: RHB Tony Conigliaro 0-0: Called Strike
0-1: Fly out, F4 (Popup, 23, EV 90.0 MPH)
Batting: RHB Bobby Bonds 0-0: Fly out, F8 (Line Drive, 8RM, EV 86.9 MPH)
Bottom of the 2nd over - 0 runs, 0 hits, 0 errors, 0 left on base; Baltimore 2 - Seattle 0
TOP OF THE 3RD
Baltimore Orioles batting - Pitching for Seattle Mariners : LHP Randy Jones
Batting: RHB Dennis Werth 0-0: Called Strike
0-1: Swinging Strike
0-2: Ball
1-2: Foul Ball, location: 2F
1-2: Fly out, F9 (Flyball, 9LM, EV 101.9 MPH)
Batting: SHB Willie McGee 0-0: Ball
1-0: SINGLE (Groundball, 34D, EV 97.5 MPH)
Batting: SHB Johnny Ray 0-0: Ball
1-0: Called Strike
1-1: Ball
2-1: Ball
3-1: Grounds into double play, 4-6-3 (Groundball, 4, EV 86.3 MPH)
Top of the 3rd over - 0 runs, 1 hit, 0 errors, 0 left on base; Baltimore 2 - Seattle 0
BOTTOM OF THE 3RD
Seattle Mariners batting - Pitching for Baltimore Orioles : RHP John Montague
Batting: LHB Ivan Flores 0-0: Foul Ball, location: 2F
0-1: Ball
1-1: Ball
2-1: SOLO HOME RUN (Flyball, 9D, EV 95.0 MPH), Distance : 403 ft
Batting: RHB Ryne Sandberg 0-0: Ground out 6-3 (Groundball, 56D, EV 80.0 MPH)
Batting: RHB John Rabb 0-0: Foul Ball, location: 2F
0-1: Called Strike
0-2: Strikes out swinging
Batting: LHB Jose Perales 0-0: Foul Ball, location: 2F
0-1: DOUBLE (Line Drive, 7LS, EV 105.6 MPH)
Batting: LHB Don Mattingly 0-0: Fly out, F8 (Flyball, 78M, EV 93.8 MPH)
Bottom of the 3rd over - 1 run, 2 hits, 0 errors, 1 left on base; Baltimore 2 - Seattle 1
TOP OF THE 4TH
Baltimore Orioles batting - Pitching for Seattle Mariners : LHP Randy Jones
Batting: SHB Steve R Ontiveros 0-0: Ball
1-0: Ball
2-0: Ball
3-0: Called Strike
3-1: Called Strike
3-2: Foul Ball, location: 2F
3-2: DOUBLE (Groundball, 5L, EV 93.8 MPH)
Pitching: RHP Dick Bosman
Batting: RHB Dwight Evans 0-0: Called Strike
0-1: Ball
1-1: Fly out, F7 (Flyball, 78D, EV 103.8 MPH)
Batting: RHB Ron Cey 0-0: Fly out, F6 (Flyball, 56D, EV 81.9 MPH)
Batting: RHB Matt Rice 0-0: Called Strike
0-1: SINGLE (Line Drive, 8LS, EV 103.8 MPH)
Steve R Ontiveros to third
Runner from 3rd tries for Home, SAFE, throw by CF to home
Batting: RHB Mark Brouhard 0-0: Swinging Strike
0-1: Called Strike
0-2: Strikes out swinging
Top of the 4th over - 1 run, 2 hits, 0 errors, 1 left on base; Baltimore 3 - Seattle 1
BOTTOM OF THE 4TH
Seattle Mariners batting - Pitching for Baltimore Orioles : RHP John Montague
Batting: RHB Robin Yount 0-0: Fly out, F8 (Flyball, 8RS, EV 90.6 MPH)
Batting: LHB Mike Stenhouse 0-0: Called Strike
0-1: Ball
1-1: Foul Ball, location: 2F
1-2: Ball
2-2: Foul Ball, location: 2F
2-2: Foul Ball, location: 2F
2-2: Ground out 6-3 (Groundball, 6, EV 105.6 MPH)
Batting: RHB Tony Conigliaro 0-0: Reached on error, E5 (Groundball, 5, EV 98.1 MPH)
Batting: RHB Bobby Bonds 0-0: Ball
1-0: Ball
2-0: Foul Ball, location: 2F
2-1: Ball
3-1: SINGLE (Line Drive, 8RS, EV 100.0 MPH)
Tony Conigliaro to third
Runner from 3rd tries for Home, SAFE, throw by CF to home
Batting: LHB Ivan Flores 0-0: Ball
1-0: Foul Ball, location: 2F
1-1: Ball
2-1: Ball
3-1: Fly out, F3 (Line Drive, 3, EV 71.9 MPH)
Bottom of the 4th over - 1 run, 1 hit, 1 error, 1 left on base; Baltimore 3 - Seattle 2
TOP OF THE 5TH
Baltimore Orioles batting - Pitching for Seattle Mariners : RHP Dick Bosman
Batting: RHB Garth Iorg 0-0: Called Strike
0-1: Ball
1-1: Foul Ball, location: 2F
1-2: Foul Ball, location: 2F
1-2: Ground out 6-3 (Groundball, 6, EV 85.0 MPH)
Batting: RHB Dennis Werth 0-0: Called Strike
0-1: Foul Ball, location: 2F
0-2: Fly out, F8 (Flyball, 8LXD, EV 108.1 MPH)
Batting: SHB Willie McGee 0-0: Ball
1-0: Called Strike
1-1: SINGLE (Line Drive, 34D, EV 96.9 MPH)
Batting: SHB Johnny Ray 0-0: Foul Ball, location: 2F
0-1: Called Strike
Willie McGee steals 2nd base
0-2: Ball
1-2: Foul Ball, location: 2F
1-2: Ball
2-2: Fly out, F6 (Popup, 56, EV 73.1 MPH)
Top of the 5th over - 0 runs, 1 hit, 0 errors, 1 left on base; Baltimore 3 - Seattle 2
BOTTOM OF THE 5TH
Seattle Mariners batting - Pitching for Baltimore Orioles : RHP John Montague
Pitching: RHP Jim M Hughes
Batting: RHB Ryne Sandberg 0-0: Ball
1-0: Called Strike
1-1: Swinging Strike
1-2: Ground out 6-3 (Groundball, 6, EV 82.5 MPH)
Batting: RHB John Rabb 0-0: Ball
1-0: Ground out 4-3 (Groundball, 34, EV 85.0 MPH)
Batting: LHB Jose Perales 0-0: Called Strike
0-1: Ball
1-1: Foul Ball, location: 2F
1-2: Ball
2-2: SOLO HOME RUN (Line Drive, 7D, EV 101.3 MPH), Distance : 397 ft
Batting: LHB Don Mattingly 0-0: Foul Ball, location: 2F
0-1: Ball
1-1: Foul Ball, location: 2F
1-2: DOUBLE (Line Drive, 8RD, EV 89.4 MPH)
Batting: RHB Robin Yount 0-0: Ball
1-0: Called Strike
1-1: Foul Ball, location: 2F
1-2: Foul Ball, location: 2F
1-2: SINGLE (Flyball, 5D, EV 81.9 MPH)
Don Mattingly to third
Runner from 3rd tries for Home, throw by LF and OUT! 7-2
Bottom of the 5th over - 1 run, 3 hits, 0 errors, 1 left on base; Baltimore 3 - Seattle 3
TOP OF THE 6TH
Baltimore Orioles batting - Pitching for Seattle Mariners : RHP Dick Bosman
Batting: SHB Steve R Ontiveros 0-0: Fly out, F8 (Flyball, 8RD, EV 87.5 MPH)
Batting: RHB Dwight Evans 0-0: Fly out, F9 (Flyball, 9D, EV 105.0 MPH)
Batting: RHB Ron Cey 0-0: Ball
1-0: Ball
2-0: Called Strike
2-1: Fly out, F7 (Flyball, 78M, EV 91.9 MPH)
Top of the 6th over - 0 runs, 0 hits, 0 errors, 0 left on base; Baltimore 3 - Seattle 3
BOTTOM OF THE 6TH
Seattle Mariners batting - Pitching for Baltimore Orioles : RHP Jim M Hughes
Batting: LHB Mike Stenhouse 0-0: Fly out, F8 (Flyball, 8LD, EV 90.0 MPH)
Batting: RHB Tony Conigliaro 0-0: Ball
1-0: Called Strike
1-1: Called Strike
1-2: Ball
2-2: Foul Ball, location: 2F
2-2: Fly out, F8 (Line Drive, 8LM, EV 95.6 MPH)
Batting: RHB Bobby Bonds 0-0: SINGLE (Line Drive, 89M, EV 91.9 MPH)
Batting: LHB Ivan Flores 0-0: Called Strike
0-1: Ball
1-1: SINGLE (Line Drive, 8RS, EV 100.6 MPH)
Bobby Bonds to second
Runner from 2nd tries for 3rd, SAFE, throw by CF made to third
Batting: RHB Ryne Sandberg 0-0: Ball
1-0: Fly out, F4 (Popup, 4D, EV 59.4 MPH)
Bottom of the 6th over - 0 runs, 2 hits, 0 errors, 2 left on base; Baltimore 3 - Seattle 3
TOP OF THE 7TH
Baltimore Orioles batting - Pitching for Seattle Mariners : RHP Dick Bosman
Pitching: RHP Nick Bowditch
Batting: RHB Matt Rice 0-0: Foul Ball, location: 2F
0-1: Ball
1-1: Ground out 5-3 (Groundball, 5, EV 87.5 MPH)
Batting: RHB Mark Brouhard 0-0: Ball
1-0: Ball
2-0: Called Strike
2-1: Swinging Strike
2-2: Strikes out swinging
Batting: RHB Garth Iorg 0-0: Fly out, F8 (Flyball, 8LS, EV 94.4 MPH)
Top of the 7th over - 0 runs, 0 hits, 0 errors, 0 left on base; Baltimore 3 - Seattle 3
BOTTOM OF THE 7TH
Seattle Mariners batting - Pitching for Baltimore Orioles : RHP Jim M Hughes
Batting: RHB John Rabb 0-0: Foul Ball, location: 2F
0-1: Ball
1-1: Ball
2-1: Ball
3-1: Base on Balls
Pinch Hitting: SHB Miguel Dilone 0-0: Ball
1-0: Called Strike
1-1: Ball
2-1: Foul Ball, location: 2F
2-2: Ball
Pickoff Throw to First - Error! E1
John Rabb to second
3-2: Ground out U3 (Groundball, 3, EV 91.3 MPH)
John Rabb to third
Pinch Hitting: RHB Juan DeLiza 0-0: Ball
1-0: Ball
2-0: Called Strike
2-1: Foul Ball, location: 2F
2-2: SINGLE (Line Drive, 6, EV 96.3 MPH)
John Rabb scores
Pitching: RHP Robert Weismore
Pinch Hitting: LHB Glen Franklin 0-0: Ball
1-0: Ball
2-0: Fielders Choice at 2nd, 1-6 (Groundball, P, EV 65.0 MPH)
Pinch Hitting: RHB Ramon Estepa 0-0: Called Strike
Glen Franklin steals 2nd base
0-1: Swinging Strike
0-2: Strikes out swinging
Bottom of the 7th over - 1 run, 1 hit, 1 error, 1 left on base; Baltimore 3 - Seattle 4
TOP OF THE 8TH
Baltimore Orioles batting - Pitching for Seattle Mariners : RHP Nick Bowditch
Now at 1B: Juan DeLiza
Now at 3B: Kurt Cunningham
Now at SS: Glen Franklin
Now in CF: Ramon Estepa
Batting: RHB Dennis Werth 0-0: Foul Ball, location: 2F
0-1: Ball
1-1: Called Strike
1-2: Ball
2-2: Foul Ball, location: 2F
2-2: Strikes out swinging
Batting: SHB Willie McGee 0-0: Reached on error, E4 (Groundball, 4, EV 84.4 MPH)
Pinch Hitting: SHB Mike Henderson 0-0: Ball
1-0: Called Strike
1-1: Foul Ball, location: 2F
1-2: Strikes out swinging
Pinch Hitting: LHB Mario Delgado 0-0: Swinging Strike
0-1: Ball
1-1: Ball
Willie McGee steals 2nd base
2-1: Swinging Strike
2-2: Ball
3-2: Strikes out looking
Top of the 8th over - 0 runs, 0 hits, 1 error, 1 left on base; Baltimore 3 - Seattle 4
BOTTOM OF THE 8TH
Seattle Mariners batting - Pitching for Baltimore Orioles : RHP Robert Weismore
Now at 3B: Mike Henderson
Now in LF: Mario Delgado
Batting: RHB Tony Conigliaro 0-0: Ball
1-0: Fly out, F6 (Popup, 6M, EV 62.5 MPH)
Batting: LHB Chris Wynn 0-0: Foul Ball, location: 2F
0-1: Called Strike
0-2: Ball
1-2: Fly out, F9 (Flyball, 89D, EV 105.0 MPH)
Batting: LHB Ivan Flores 0-0: Called Strike
0-1: SINGLE (Groundball, 4MD, EV 94.4 MPH)
Pinch Hitting: RHB Ken Reitz 0-0: Ball
1-0: Ball
Ivan Flores steals 2nd, throwing error, E2
Ivan Flores to third
2-0: DOUBLE (Flyball, 8RXD, EV 93.1 MPH)
Ivan Flores scores
Batting: RHB John Rabb 0-0: Fly out, F8 (Line Drive, 8LD, EV 91.3 MPH)
Bottom of the 8th over - 1 run, 2 hits, 1 error, 1 left on base; Baltimore 3 - Seattle 5
TOP OF THE 9TH
Baltimore Orioles batting - Pitching for Seattle Mariners : RHP Nick Bowditch
Now at 3B: Ken Reitz
Batting: RHB Dwight Evans 0-0: Called Strike
0-1: Ball
1-1: Ball
2-1: Called Strike
2-2: Strikes out swinging
Pitching: RHP Timothy Jones
Batting: SHB Jordan Ayala 0-0: Ground out U3 (Groundball, 3, EV 84.4 MPH)
Pinch Hitting: LHB Garcia Gutierrez 0-0: Called Strike
0-1: Ball
1-1: Called Strike
1-2: Ball
2-2: Ball
3-2: Fly out, F4 (Popup, 34, EV 61.9 MPH)
Top of the 9th over - 0 runs, 0 hits, 0 errors, 0 left on base; Baltimore 3 - Seattle 5
Thursday, July 16th, 2020 - OOTP Baseball 21.4 Build 63